 Dungeon Crawl Stone Soup version 0.29-a0-483-g69413ace17 (webtiles) character file.

Game seed: 8458300522069095161

1817 chopper the Cleaver (level 8, -1/70 HPs)
             Began as a Minotaur Fighter on May 25, 2022.
             Was an Initiate of Qazlal.
             Succumbed to a kobold brigand's curare-tipped dart
             ... on level 5 of the Dungeon on May 26, 2022.
             The game lasted 00:35:53 (7922 turns).

chopper the Cleaver (Minotaur Fighter)              Turns: 7922, Time: 00:35:54

Health: -1/70      AC: 15    Str: 24    XL:     8   Next: 85%
Magic:  7/7        EV:  7    Int:  5    God:    Qazlal [......]
Gold:   54         SH:  0    Dex:  9    Spells: 7/7 levels left

rFire   . . .      SeeInvis .   a - +0 war axe
rCold   . . .      Faith    .   (no shield)
rNeg    . . .      Spirit   .   v - +0 plate armour
rPois   .          Reflect  .   (helmet restricted)
rElec   .          Harm     .   (no cloak)
rCorr   .          Rampage  .   y - +0 pair of gloves
Will    .....                   (no boots)
Stlth   ..........              (no amulet)
HPRegen 0.21/turn               (no ring)
MPRegen 0.10/turn               (no ring)

@: lethally poisoned (-1 -> -5), slowed, very slow
A: horns 2, retaliatory headbutt
a: Renounce Religion


You were on level 5 of the Dungeon.
You worshipped Qazlal.
Qazlal was noncommittal.
You visited 2 branches of the dungeon, and saw 7 of its levels.

You collected 216 gold pieces.
You spent 162 gold pieces at shops.

Inventory:

Hand Weapons
 a - a +0 war axe (weapon)
 d - a +2 scythe of freezing
 f - a +0 short sword of protection
 w - a +0 shortbow
Missiles
 q - 3 boomerangs (quivered)
 z - 4 curare-tipped darts
Armour
 c - a +0 buckler
 v - a +0 plate armour (worn)
 y - a +0 pair of gloves (worn)
Jewellery
 B - the ring of the Blind Eye {rF++ Str-2 Int+4 SInv}
   (You found it on level 6 of the Dungeon)

   [ring of see invisible]

   Str:       It affects your strength (-2).
   Int:       It affects your intelligence (+4).
   rF:        It greatly protects you from fire.
   SInv:      It lets you see invisible.
Wands
 x - a wand of mindburst (12)
Scrolls
 b - 2 scrolls of teleportation
 e - 2 scrolls of enchant weapon
 g - 2 scrolls of poison
 j - a scroll of acquirement {unknown}
 k - 2 scrolls of magic mapping {unknown}
 m - 3 scrolls of noise {unknown}
 n - a scroll of fear
 o - 2 scrolls of vulnerability {unknown}
 t - a scroll of torment {unknown}
 A - a scroll of enchant armour {unknown}
Potions
 h - a potion of degeneration {unknown}
 i - a potion of ambrosia
 l - 5 potions of curing
 p - a potion of attraction {unknown}
 r - a potion of magic {unknown}
 s - 2 potions of mutation {unknown}
 u - 2 potions of heal wounds {unknown}
 C - a potion of flight {unknown}


   Skills:
 + Level 6.2 Fighting
 + Level 9.1 Axes
 + Level 1.4(5.8) Polearms
 + Level 0.1 Throwing
 + Level 8.7 Armour
 + Level 2.0 Dodging
 + Level 0.7 Stealth
 + Level 5.0 Shields


You had 7 spell levels left.
You didn't know any spells.
Your spell library was empty.

Dungeon Overview and Level Annotations

Branches:
Dungeon (6/15)             Temple (1/1) D:4

Altars:
Dithmenos
Elyvilon
Gozag
Hepliaklqana
Kikubaaqudgha
Okawaru
Qazlal
Ru
Sif Muna
Uskayaw
Xom
The Shining One

Shops:
D:3 ?

Annotations:
D:3 3 runed translucent doors, TorpidAnima's ghost, amateur MiFi


Innate Abilities, Weirdness & Mutations

You have a pair of horns on your head.
You reflexively headbutt those who attack you in melee.


Message History

Your +2 scythe of freezing stops glowing.
a - a +0 war axe (weapon)
The kobold brigand hits you but does no damage.
You barely miss the kobold brigand.
Your headbutt misses the kobold brigand.
The kobold brigand is lightly wounded.
You slash the plant!
The plant begins to die.
The kobold brigand hits you but does no damage.
You hit the kobold brigand but do no damage.
The kobold brigand is lightly wounded.
You slash the plant!
The kobold brigand hits you but does no damage.
The kobold brigand hits you with a +0 whip.
You hit the kobold brigand.
The kobold brigand is moderately wounded.
You hit the plant.
You feel yourself speed up.
The kobold brigand hits you with a +0 whip.
A nearby plant withers and dies.
The kobold brigand throws a curare-tipped dart.
The curare-tipped dart hits you.
You are poisoned.
You have difficulty breathing.
* * * LOW HITPOINT WARNING * * *
You feel yourself slow down.
You see here a +0 whip.
* * * LOW HITPOINT WARNING * * *
You feel very sick.
There is a stone staircase leading up, spattered with blood here.
* * * LOW HITPOINT WARNING * * *
You feel very sick.
The kobold brigand hits you with a +0 whip.
* * * LOW HITPOINT WARNING * * *
You climb upwards.
* * * LOW HITPOINT WARNING * * *
You feel very sick.
There is a stone staircase leading down here.
As you read the scroll of fear, it crumbles to dust.
You assume a fearsome visage.
The kobold brigand looks frightened!
You die...

.# #............# #...........
.######............# ##.#.#.#.#.#
......#............# #...........
......########'...#####.#.#.#.#.#
......# #'...'..............
......# ##...#####.#.#.#.#.#
......# #...####.........[.
......# #..)#.....###.#####
......# #.@.'.....'...#....
......# #K###.....#####.###
####### #.......### #.# #
#######.# #.# # #.# #.# # ### #.#
#.# ####.##.รท...[# #.# #.#
..#.#.#..P.J.# #.# #.#
..#.#J#......# #.# #.#


You could see a kobold brigand (fleeing).

Vanquished Creatures
  Sigmund (D:6)
  2 water moccasins (D:5)
  Duvessa (D:4)
  A black bear (D:4)
  An ogre (D:5)
  2 centaurs
  A phantom (D:5)
  2 kobold brigands (D:5)
  Blork the orc (D:4)
  A gnoll sergeant (D:6)
  A scorpion (D:5)
  Dowan (D:4)
  2 jellies (D:5)
  7 hounds
  4 orc wizards
  2 iguanas (D:4)
  5 adders
  3 gnolls
  A white imp (D:5)
  6 orcs
  7 ball pythons
  2 bats (D:3)
  6 endoplasms
  3 giant cockroaches
  4 goblins
  6 hobgoblins
  6 jackals
  6 quokkas
  4 frilled lizards
  15 kobolds
  6 rats
110 creatures vanquished.

Vanquished Creatures (others)
  3 fungi (D:5)
  9 plants
  12 toadstools (D:5)
24 creatures vanquished.

Grand Total: 134 creatures vanquished

Notes
Turn   | Place    | Note
-------+----------+-------------------------------------------
     0 | D:1      | chopper the Minotaur Fighter began the quest for the Orb.
     0 | D:1      | Reached XP level 1. HP: 19/19 MP: 0/0
   304 | D:1      | Reached XP level 2. HP: 22/27 MP: 1/1
  1106 | D:2      | Upgraded the game from 0.29-a0-477-g62b78b4225 to
                  | 0.29-a0-483-g69413ace17
  1222 | D:2      | Reached XP level 3. HP: 26/34 MP: 2/2
  1431 | D:2      | Found an iron altar of Okawaru.
  1804 | D:3      | Reached XP level 4. HP: 41/41 MP: 3/3
  1942 | D:3      | Reached skill level 3 in Axes
  2084 | D:3      | Found Caogats's Magic Scroll Shop.
  2093 | D:3      | Bought a scroll of identify for 24 gold pieces
  2093 | D:3      | Bought a scroll of identify for 24 gold pieces
  2093 | D:3      | Bought a scroll of blinking for 90 gold pieces
  2093 | D:3      | Bought a scroll of identify for 24 gold pieces
  2158 | D:3      | Reached skill level 4 in Axes
  2158 | D:3      | Reached XP level 5. HP: 37/47 MP: 4/4
  2350 | D:3      | Found a runed translucent gate.
  2350 | D:3      | Found a runed translucent gate.
  2350 | D:3      | Found a runed translucent gate.
  2353 | D:3      | Noticed TorpidAnima's ghost (amateur MiFi)
  2943 | D:4      | Noticed Blork the orc
  2951 | D:4      | Killed Blork the orc
  3041 | D:4      | Found a staircase to the Ecumenical Temple.
  3076 | D:4      | Reached skill level 5 in Armour
  3083 | D:4      | Reached skill level 1 in Dodging
  3305 | D:4      | Reached XP level 6. HP: 38/55 MP: 5/5
  3547 | D:4      | Reached skill level 5 in Fighting
  3547 | D:4      | Reached skill level 5 in Axes
  3785 | D:4      | Noticed Duvessa
  3785 | D:4      | Noticed Dowan
  4257 | D:4      | Killed Duvessa
  4277 | D:4      | Killed Dowan
  4278 | D:4      | Reached XP level 7. HP: 28/61 MP: 6/6
  4553 | D:4      | Reached skill level 6 in Axes
  4791 | D:5      | Entered Level 5 of the Dungeon
  4901 | D:5      | HP: 3/61 [poisoned by a water moccasin]
  4903 | D:5      | HP: 1/61 [poisoned by a water moccasin]
  5407 | D:5      | Reached skill level 7 in Axes
  5770 | Temple   | Entered the Ecumenical Temple
  5839 | Temple   | Became a worshipper of Qazlal Stormbringer
  5987 | D:5      | Reached XP level 8. HP: 37/69 MP: 7/7
  6477 | D:5      | Noticed a slime creature
  6477 | D:5      | Noticed a slime creature
  6477 | D:5      | Noticed a slime creature
  6669 | D:5      | Reached skill level 8 in Axes
  7046 | D:6      | Identified the ring of the Blind Eye {rF++ Str-2 Int+4
                  | SInv}
  7065 | D:6      | Noticed Sigmund
  7082 | D:6      | Killed Sigmund
  7083 | D:6      | Reached skill level 5 in Shields
  7263 | D:6      | Reached skill level 1 in Polearms
  7642 | D:6      | Reached skill level 9 in Axes
  7920 | D:6      | HP: 3/70 [kobold brigand/+0 whip (4)]
  7921 | D:5      | HP: 1/70 [poisoned by a kobold brigand (curare-tipped
                  | dart)]
  7922 | D:5      | Succumbed to a kobold brigand's curare-tipped dart

Illustrated notes

Levels and vault maps discovered:
D:1:      heliophobic_arrival_glass_houses, layout_basic,
          chequers_serial_rivers_micro_b
D:2:      layout_loops_ring, basic_altar, minmay_misc_feat_chi,
          minmay_crystal_water
D:3:      layout_loops_ring, serial_shops,
          nicolae_shop_temple_entry_statues_fountains,
          gammafunk_ghost_necromancy, kennysheep_boxes
D:4:      layout_loops_corners, minmay_temple_entry_from_below_b,
          kennysheep_generic_room_16, uniq_duvessa, uniq_blork_the_orc
D:5:      cheibrodos_fertilizer, layout_basic, st_stairs_10
D:6:      kennysheep_housing_project, layout_layer_cave, uniq_sigmund
Temple:   kilobyte_greek_temple

Skill      XL: |  1  2  3  4  5  6  7  8 |
---------------+-------------------------+-----
Armour         | 4 5 6 7 8 |  8.7
Fighting       | 4 5 6 |  6.2
Shields        | 4 5 |  5.0
Axes           | 4 5 7 9 |  9.1
Dodging        | 1 2 |  2.0
Polearms       | 1 |  1.4
Throwing       | |  0.1
Stealth        | |  0.7

Action                   |  1- 3 |  4- 6 |  7- 9 || total
-------------------------+-------+-------+-------++-------
Melee: War axe           |    69 |   110 |   108 ||   287
       Headbutt          |     8 |    20 |    27 ||    55
       Scythe            |       |       |    43 ||    43
Throw: Boomerang         |       |     1 |       ||     1
  Use: Scroll            |       |     8 |     2 ||    10
       Potion            |       |     1 |     1 ||     2
Armor: Scale mail        |    31 |       |       ||    31
       Chain mail        |     2 |    81 |       ||    83
       Plate armour      |       |    12 |   131 ||   143
Dodge: Dodged            |    39 |    51 |    67 ||   157
Block: Buckler           |    22 |    23 |    22 ||    67

Table legend: (Time is in decaauts)
 A = Elapsed time spent in this place.
 B = Non-inter-level travel time spent in this place.
 C = Inter-level travel time spent in this place.
 D = Time resting spent in this place.
 E = Time spent auto-exploring this place.
 F = Levels seen in this place.
 G = Mean time per level.
                   A        B        C        D        E       F      G
               +--------+--------+--------+--------+--------+-----+--------+
         Total |   8107 |   8107 |      0 |   2080 |      0 |   7 | 1158.1 |
       Dungeon |   7991 |   7991 |      0 |   2080 |      0 |   6 | 1331.8 |
        Temple |    115 |    115 |      0 |      0 |      0 |   1 |  115.0 |
               +--------+--------+--------+--------+--------+-----+--------+

Top non-repeatable levels by time:
     D:5: 2306 daAuts
     D:4: 2268 daAuts
     D:3: 1145 daAuts
     D:1: 1119 daAuts
     D:2: 682 daAuts
     D:6: 470 daAuts
  Temple: 115 daAuts
